 BcadrenCrawl: Boulder Brew version 0.04.2-10-g17648f679b (webtiles) character file.

Game seed: 15508797630468679932, levelgen mode: deterministic

7302 diana the Warrior (level 10, -9/107 HPs) Red Draconian Gladiator. Began on May 1, 2021. Was an Initiate of Gozag Ym Sagoz. Mangled by a wight ... wielding a +4 long sword (16 damage) ... on level 5 of the Dungeon. The game lasted 00:11:47 (5914 turns).

diana the Warrior (Red Draconian Gladiator)         Turns: 5914, Time: 00:11:48

Health: -9/107     AC: 24    Str: 19    XL:     10 ^: 540
Magic:  11/11      EV:  8    Int: 10    God:    Gozag Ym Sagoz
Gold:   800        SH:  0    Dex: 12    Spells: 9/9 levels left

rFire    + . .     Vision   .   a - +0 war axe
rCold    . . .     Gourm    .   (no weapon)
rNeg     . . .     Faith    .   (armour unavailable)
rPois    .         Spirit   .   b - +0 hat
rElec    .         Reflect  .   l - scarf {repulsion}
rCorr    +         Harm     .   y - +0 pair of gloves
MR       .....                  (no boots)
Stlth    +.........             (no amulet)
HPRegen  0.45/turn              q - ring of resist corrosion
MPRegen  0.21/turn              x - ring of protection

@: lethally poisoned (-9 -> -18), petrifying, repel missiles, very slow
A: no body armour, unfitting armour, cold-blooded, boosted slings aptitude, fire
enhancer 1, rF+, AC +8
a: Breathe Fire, Potion Petition, Call Merchant, Bribe Branch, Renounce Religion


You were on level 5 of the Dungeon.
You worshipped Gozag Ym Sagoz.
Gozag Ym Sagoz was pleased with you.
You were not hungry.

You visited 2 branches of the dungeon, and saw 6 of its levels.

You collected 888 gold pieces.
You paid 88 gold pieces to Gozag.

Inventory:

Weapons
 a - a +0 war axe (weapon)
 u - a +0 hammer
 z - a +0 hatchet of caustic ooze
Armour
 b - a +0 hat (worn)
 l - a scarf of repulsion (worn)
 y - a +0 pair of gloves (worn)
Jewellery
 q - a ring of resist corrosion (left hand)
 x - a ring of protection (right hand)
 B - an uncursed ring of intelligence
Wands
 c - a wand of ensnaring (9)
 t - a wand of random effects (2)
 A - a wand of flame (1)
Scrolls
 f - 3 scrolls of magic mapping
 h - a scroll of fear
 i - 3 scrolls of enchantment
 m - a scroll of blinking
 s - a scroll of fog
Potions
 e - a potion of might
 j - 2 potions of agility
 k - a potion of curing
 n - a potion of magic
 o - a potion of ambrosia
 p - 4 potions of heal wounds
 v - a potion of cancellation
 w - a potion of invisibility
Comestibles
 d - 9 rations


   Skills:
 + Level 16.1 Fighting
 - Level 2.4 Axes & Hammers
 + Level 7.8 Dodging
 - Level 2.0 Evocations


You had 9 spell levels left.
You didn't know any spells.
Your spell library was empty.

Dungeon Overview and Level Annotations

Branches:
Dungeon (5/8)              Temple (1/1) D:4            Lair (0/6) D:5

Altars:
Cheibriados
Dithmenos
Elyvilon
Fedhas Madash
Gozag Ym Sagoz
Hepliaklqana
Kikubaaqudgha
Nemelex Xobeh
Okawaru
Ru
Sif Muna
Trog
Uskayaw
Xom
Yredelemnul
Zin
The Shining One
Lugonu

Shops:
D:3 [

Annotations:
D:3 3 runed translucent doors, Nebesus's ghost, novice DrDs
D:5 1 runed translucent door, Alphaeus's ghost, novice OpDs; Nergalle


Innate Abilities, Weirdness & Mutations

You cannot fit into any form of body armour.
Your fiery red scales are resilient. (AC +8)
You can breathe puffs of flames, which leave flaming clouds in their wake.
You are cold-blooded and may be slowed by cold attacks.
You are naturally skilled at Slings (Aptitude +3).
You are in touch with the powers of fire.
Your fiery red scales grant you resistance to heat and fire. (rF+)


Message History

Unknown command.
You barely miss the hornet. You hit the wight (5).
The wight is moderately damaged. (11/16) HP You slash the wight (10)!
The wight is heavily damaged. (7/17) HP You hit the wight but do no damage.
You hit the hornet (1).
The hornet is heavily wounded. (18/30) HP You feel sick. (1)
The hornet stings you (10)!
* * * LOW HITPOINT WARNING * * *
You are more poisoned.
You are slowing down.
The wight closely misses you (0).
The wight hits you with a +2 great sword (9)!
* * * LOW HITPOINT WARNING * * *
The hornet stings you but does no damage.
The wight hits you but does no damage. The wight closely misses you (0).
The wight hits you with a +4 long sword (16)!
You die...
Your body crumbles into a pile of gold.

#..........).).#§§§#..
############..............#W§§+..
..........................#u§§#..
..........................#####..
##......... .........<...........
#.######## #...######...###..##
#.# ##...####...### ##..# #.#
#>...##...### ##.. #.#
#..z@z..### #. #.# ##.zyz### ##
##.# #....## ...########.......
.... .................. ...
......................
........############.# .......##
#.# .......### ########.#


You could see a hornet and 4 wights.

Vanquished Creatures
  Gastronok (D:4)
  Pikel (D:5)
  3 trolls
  A cyclops (D:5)
  A slime creature (D:2)
  A guardian mummy (D:5)
  An orc warrior (D:5)
  A phantom (D:4)
  2 ice beasts
  A porcupine (D:4)
  A sky beast (D:5)
  An eye of draining (D:5)
  A black bear (D:4)
  5 ogres
  4 big kobolds
  A rock worm zombie (D:4)
  4 bullfrogs
  3 howler monkeys
  6 killer bees
  2 vampire bats (D:4)
  4 wights (D:4)
  3 crimson imps
  3 orc priests
  5 hounds
  4 jellies (D:2)
  3 orc wizards
  Crazy Yiuf (D:2)
  2 gnoll shamans (D:4)
  A mummy (D:5)
  Terence (D:2)
  A wyvern zombie (D:5)
  2 iguanas (D:4)
  6 worker ants
  A wyvern skeleton (D:5)
  5 giant cockroaches
  5 bullfrog skeletons
  A porcupine skeleton (D:5)
  9 adders
  10 gnolls (D:4)
  40 sewer rats
  7 worms
  8 cinder newts
  A hound zombie (D:5)
  4 hound skeletons
  3 dart slugs (D:1)
  4 leopard geckos
  24 orcs
  7 adder skeletons
  An adder zombie (D:5)
  2 gnoll zombies (D:3)
  3 goblins (D:1)
  4 hobgoblins (D:1)
  2 jackals (D:2)
  17 kobolds
  A quokka (D:3)
  2 ball pythons
  4 bats
  4 bat skeletons
  3 bat zombies (D:4)
  2 goblin skeletons (D:2)
  A jackal skeleton (D:3)
  A leopard gecko skeleton (D:5)
  6 rats
  A slave (D:5)
  20 withered plants (D:2)
280 creatures vanquished.

Vanquished Creatures (others)
  An ice beast (D:5)
  An orc wizard (D:5)
  3 gnolls (D:5)
  A kobold (D:2)
  A giant blowfly (D:2)
  3 plants (D:2)
  2 slaves (D:5)
  A slimehead (D:2)
  99 withered plants (D:2)
112 creatures vanquished.

Grand Total: 392 creatures vanquished

Notes
Turn   | Place    | Note
-------+----------+-------------------------------------------
     0 | D:1      | diana the Immature Draconian Gladiator began the quest for
                  | the Orb.
     0 | D:1      | Reached XP level 1. HP: 18/18 MP: 2/2
   119 | D:1      | Reached skill level 3 in Fighting
   122 | D:1      | Reached skill level 4 in Fighting
   122 | D:1      | Reached XP level 2. HP: 25/27 MP: 3/3
   340 | D:1      | Reached XP level 3. HP: 34/34 MP: 4/4
  1026 | D:2      | Reached skill level 5 in Fighting
  1029 | D:2      | Reached XP level 4. HP: 38/42 MP: 5/5
  1145 | D:2      | Noticed a big kobold
  1156 | D:2      | Reached skill level 6 in Fighting
  1165 | D:2      | HP: 1/44 [big kobold/+1 short sword of protection (2)]
  1167 | D:2      | Killed a big kobold
  1167 | D:2      | Reached XP level 5. HP: 31/51 MP: 6/6
  1200 | D:2      | Reached skill level 7 in Fighting
  1206 | D:2      | Identified the cursed ring of Truth {rPois rF+ rC+ EV+5,
                  | (Curse: *Tele Fragile Slay-6)}
  1213 | D:2      | Noticed Terence
  1238 | D:3      | Reached XP level 6. HP: 28/61 MP: 7/7
  1384 | D:3      | Reached skill level 8 in Fighting
  1456 | D:3      | Found a runed translucent gate.
  1456 | D:3      | Found a runed translucent gate.
  1456 | D:3      | Found a runed translucent gate.
  1464 | D:3      | Reached skill level 9 in Fighting
  1606 | D:2      | Your scales start taking on a fiery red colour.
  1606 | D:2      | Reached XP level 7. HP: 50/70 MP: 8/8
  1606 | D:2      | Gained mutation: Your fiery red scales grant you resistance
                  | to heat and fire. (rF+) [Red Draconian growth]
  1606 | D:2      | Gained mutation: You are in touch with the powers of fire.
                  | [Red Draconian growth]
  1620 | D:2      | Killed Terence
  1695 | D:2      | Found an iron altar of Okawaru.
  1718 | D:2      | Reached skill level 10 in Fighting
  1921 | D:2      | Found a blossoming altar of Fedhas.
  1997 | D:2      | Identified the cursed ring "Isaleuhu" {rC+ MP+9 Int+2,
                  | (Curse: Fragile -Vis)}
  2004 | D:2      | Reached skill level 11 in Fighting
  2013 | D:2      | Reached XP level 8. HP: 59/82 MP: 9/9
  2087 | D:2      | Found a white marble altar of Elyvilon.
  2831 | D:2      | Found a runed translucent door.
  2834 | D:2      | Noticed Crazy Yiuf
  2876 | D:2      | Reached skill level 12 in Fighting
  2932 | D:2      | Killed Crazy Yiuf
  3019 | D:3      | Found a hazy altar of Hepliaklqana.
  3185 | D:3      | Found a sparkling altar of Nemelex Xobeh.
  3243 | D:3      | Reached skill level 13 in Fighting
  3564 | D:3      | Found Naustriti's Armour Shoppe.
  3634 | D:3      | Found a basalt altar of Yredelemnul.
  3698 | D:3      | Found a sacrificial altar of Ru.
  3827 | D:3      | Noticed Nebesus's ghost (novice DrDs)
  3888 | D:4      | Reached XP level 9. HP: 69/93 MP: 10/10
  4057 | D:4      | Found a staircase to the Ecumenical Temple.
  4073 | Temple   | Entered the Ecumenical Temple
  4187 | Temple   | Became a worshipper of Gozag Ym Sagoz the Greedy
  4310 | D:4      | Found a shimmering blue altar of Sif Muna.
  4347 | D:4      | Reached skill level 14 in Fighting
  4349 | D:4      | Noticed Gastronok
  4382 | D:4      | Killed Gastronok
  4382 | D:4      | Gained mutation: You are naturally skilled at Slings
                  | (Aptitude +3). [draconic bloodline]
  4382 | D:4      | Reached XP level 10. HP: 38/104 MP: 11/11
  4581 | D:4      | Reached skill level 15 in Fighting
  4619 | D:4      | Found an ancient bone altar of Kikubaaqudgha.
  4994 | D:5      | Entered Level 5 of the Dungeon
  5581 | D:5      | Noticed Pikel
  5590 | D:5      | Killed Pikel
  5638 | D:5      | Noticed Nergalle
  5657 | D:5      | Noticed Alphaeus's ghost (novice OpDs)
  5834 | D:5      | Found a runed translucent door.
  5836 | D:5      | Reached skill level 16 in Fighting
  5897 | D:5      | Found a staircase to the Lair.
  5914 | D:5      | Mangled by a wight

Levels and vault maps discovered:
D:1:      psy_arrival_radial02, layout_basic
D:2:      layout_sewer, kennysheep_mini_moat, elyvilon_niche, first_ration,
          fedhas_altar_1, uniq_terence, uniq_crazy_yiuf_cottage
D:3:      layout_cave_pools, lemuel_round_altar,
          lemuel_zombie_altar_yredelemnul, lemuel_coloured_pillars_altar,
          serial_shops, shop, gammafunk_ghost_icy, basic_altar
D:4:      layout_small_grid, kennysheep_vampire_church,
          minmay_temple_entry_hall, basic_altar, uniq_gastronok
D:5:      layout_long_grid, lair_entry_dummy, nicolae_trove_entry_columns,
          ebering_ghost_inner_flame, nicolae_ossuary_entry_catacombs, uniq_urug,
          uniq_pikel, uniq_nergalle
Temple:   kb_corrupted_temple

Skill      XL: |  1  2  3  4  5  6  7  8  9 10 |
---------------+-------------------------------+-----
Fighting       | 4 5 6 7 9 11 13 14 16 | 16.1
Dodging        | 3 6 7 |  7.8
Axes & Hammers | |  2.4
Evocations     | |  2.0

Action                   |  1- 3 |  4- 6 |  7- 9 | 10-12 || total
-------------------------+-------+-------+-------+-------++-------
Melee: War axe           |    40 |    78 |   245 |   125 ||   488
       Unarmed           |    20 |    50 |   145 |    74 ||   289
       Tailslap          |       |     9 |    40 |    21 ||    70
Invok: Potion Petition   |       |       |       |     1 ||     1
 Abil: Breathe Fire      |       |       |       |     1 ||     1
  Use: Potion            |       |     2 |       |     2 ||     4
       Scroll            |       |       |       |     1 ||     1
 Stab: Sleeping          |     2 |     1 |       |       ||     3
       Invisible         |       |       |     1 |       ||     1
  Eat: Chunk             |       |     3 |     9 |       ||    12
       Ration            |       |       |       |     2 ||     2
Armor: Skin              |    14 |    21 |    85 |    84 ||   204
Dodge: Dodged            |    34 |    53 |   227 |   183 ||   497
       Deflected         |       |       |     1 |     1 ||     2
